 Dungeon Crawl Stone Soup version 0.22-a0-515-g75794bf (webtiles) character file.

262 nikopol the Chopper (level 5, 0/70 HPs)
             Began as a Minotaur Berserker on June 19, 2018.
             Was a Believer of Trog.
             Slain by an ogre
             ... wielding a +0 giant club
              (31 damage)
             ... on level 4 of the Dungeon.
             The game lasted 00:04:30 (2561 turns).

nikopol the Chopper (Minotaur Berserker)            Turns: 2561, Time: 00:04:31

Health: 0/70       AC:  5    Str: 27    XL:     5   Next: 97%
Magic:  4/4        EV: 12    Int:  4    God:    Trog [**....]
Gold:   246        SH:  0    Dex: 10    Spells: 4/4 levels left

rFire    . . .     SeeInvis .   a - +0 hand axe
rCold    . . .     Gourm    .   (no shield)
rNeg     . . .     Faith    .   i - +0 ring mail
rPois    .         Spirit   .   (helmet restricted)
rElec    .         Reflect  .   (no cloak)
rCorr    .         Harm     .   (no gloves)
MR       .....     Rnd*Tele +   (no boots)
Stlth    ..........             j - amulet of regeneration
HPRegen  0.61/turn              e - ring of teleportation (curse)
MPRegen  0.09/turn              (no ring)

@: berserking, very quick
A: retaliatory headbutt, horns 2
a: Berserk, Trog's Hand, Renounce Religion


You were on level 4 of the Dungeon.
You worshipped Trog.
Trog was pleased with you.
You were very hungry.

You visited 1 branch of the dungeon, and saw 4 of its levels.

You collected 246 gold pieces.

Inventory:

Hand Weapons
 a - a +0 hand axe (weapon)
Missiles
 p - 21 arrows
Armour
 b - a +0 animal skin
 i - a +0 ring mail (worn)
Jewellery
 e - a cursed ring of teleportation (left hand)
 j - an amulet of regeneration (around neck)
 u - a cursed -3 ring of strength {unknown}
Wands
 n - a wand of scattershot (5)
Scrolls
 d - 3 scrolls of identify {unknown}
 h - a scroll of fog {unknown}
 l - a scroll of magic mapping {unknown}
 o - a scroll of fear {unknown}
 q - a scroll of enchant weapon {unknown}
 r - 2 scrolls of remove curse {unknown}
 v - 3 scrolls of amnesia {unknown}
Potions
 f - a potion of degeneration {unknown}
 g - 3 potions of resistance {unknown}
 k - a potion of haste {unknown}
 m - a potion of brilliance {unknown}
 s - a potion of berserk rage {unknown}
 t - a potion of magic {unknown}
 w - a potion of curing {unknown}
 x - a potion of heal wounds {unknown}
Comestibles
 c - 7 rations
 z - 2 chunks of flesh


   Skills:
 + Level 4.8 Fighting
 + Level 5.6 Axes
 + Level 4.3 Armour
 + Level 3.4 Dodging
 + Level 0.1 Stealth


You had 4 spell levels left.
You didn't know any spells.
Your spell library was empty.

Dungeon Overview and Level Annotations

Branches:
Dungeon (4/15)
 Temple: D:4-7

Altars:
Elyvilon
Xom

Annotations:
D:3 1 runed door, inc's ghost, amateur FoFi


Innate Abilities, Weirdness & Mutations

You reflexively headbutt those who attack you in melee.
You have a pair of horns on your head.


Message History

You are no longer poisoned.
The ogre hits you with a giant club!!
Ouch! That really hurt!
You are too injured to fight recklessly!
You are too injured to fight recklessly!
You are too injured to fight recklessly!
You are too injured to fight recklessly!
You are too injured to fight recklessly!
You are too injured to fight recklessly!
You are too injured to fight recklessly!
You are too injured to fight recklessly!
You are too injured to fight recklessly!
You are too injured to fight recklessly!
You are too injured to fight recklessly!
You are too injured to fight recklessly!
A red film seems to cover your vision as you go berserk!
You feel yourself moving faster!
You feel mighty!
You are feeling very hungry.
The ogre hits you with a giant club!!
You die...

##.......##
##.##..#
##.....##
####.##
##...## #.#
##'## #.#
#.# #.# #.#
#.# ##.##
#.#
##[..####
#.#
#..@....#
#.#
#..O.......
#.#...#.###
.....###.#
###.... #
#####


You could see an ogre.

Vanquished Creatures
  A scorpion (D:3)
  A howler monkey (D:4)
  A crimson imp (D:3)
  A worker ant (D:4)
  6 adders
  An adder skeleton (D:4)
  2 worms
  A dart slug (D:2)
  5 leopard geckos
  6 orcs
  2 ball pythons (D:2)
  A bat (D:2)
  A giant cockroach (D:1)
  4 goblins
  2 hobgoblins (D:3)
  3 jackals (D:1)
  A kobold (D:3)
  A quokka (D:2)
  3 frilled lizards
  A leopard gecko skeleton (D:4)
  6 rats
50 creatures vanquished.

Notes
Turn   | Place    | Note
-------+----------+-------------------------------------------
     0 | D:1      | nikopol the Minotaur Berserker began the quest for the Orb.
     0 | D:1      | Reached XP level 1. HP: 19/19 MP: 0/0
    12 | D:1      | Noticed an electric eel
   649 | D:2      | Reached XP level 2. HP: 27/27 MP: 1/1
   690 | D:2      | Reached skill level 4 in Axes
   766 | D:2      | Reached XP level 3. HP: 30/33 MP: 2/2
  1136 | D:2      | Found a white marble altar of Elyvilon.
  1450 | D:3      | Reached XP level 4. HP: 39/41 MP: 3/3
  1477 | D:3      | Found a runed door.
  1478 | D:3      | Noticed inc's ghost (amateur FoFi)
  1747 | D:3      | Reached skill level 5 in Axes
  1842 | D:3      | Reached XP level 5. HP: 47/47 MP: 4/4
  2067 | D:3      | Found a shimmering altar of Xom.
  2311 | D:4      | Reached ** piety under Trog
  2557 | D:4      | Noticed an ogre
  2561 | D:4      | Slain by an ogre

Vault maps used:
D:1:      arrival_aquarium_a, skrybe_limestone_x
D:2:      elyvilon_altar_3
D:3:      nicolae_overflow_hidden_temple, gammafunk_ghost_grave
D:4:      cheibrodos_quashed, serial_shops, shop

Skill      XL: |  1  2  3  4  5 |
---------------+----------------+-----
Armour         | 3 4 |  4.3
Fighting       | 4 |  4.8
Axes           | 4 5 |  5.6
Dodging        | 3 |  3.4
Stealth        | |  0.1

Action                   |  1- 3 |  4- 6 || total
-------------------------+-------+-------++-------
Melee: Hand axe          |    61 |    64 ||   125
       Headbutt          |     6 |    11 ||    17
Invok: Berserk           |       |     1 ||     1
  Eat: Chunk             |     2 |     3 ||     5
Armor: Ring mail         |    22 |    17 ||    39
Dodge: Dodged            |    28 |    33 ||    61

Table legend:
 A = Spawn XP
 B = Non-spawn XP
 C = Spawn XP percentage of total XP
 D = Spawn monster count
 E = Non-spawn monster count
 F = Spawn count percentage of total count
 G = Total turns spent on level
                    A         B        C        D         E        F      G
               +---------+---------+-------+---------+---------+-------+---------
         Total |       0 |     375 |   0.0 |       0 |      50 |   0.0 |  2561
               +---------+---------+-------+---------+---------+-------+---------
           D:1 |       0 |      10 |   0.0 |       0 |       6 |   0.0 |   614
           D:2 |       0 |      74 |   0.0 |       0 |      19 |   0.0 |   795
           D:3 |       0 |     178 |   0.0 |       0 |      17 |   0.0 |   832
           D:4 |       0 |     113 |   0.0 |       0 |       8 |   0.0 |   320
               +---------+---------+-------+---------+---------+-------+---------
